 Dungeon Crawl Stone Soup version 0.29.1-14-g9c671dbff4 (webtiles) character file.

Game seed: 12443335919936354776

2212306 leafyfresh the Acrobat (level 27, 11/209 (228) HPs)
             Began as a Djinni Ice Elementalist on Feb 18, 2023.
             Was a High Priest of Ashenzari.
             Escaped with the Orb
             ... and 4 runes!
             The game lasted 05:57:15 (73369 turns).

leafyfresh the Acrobat (Djinni Ice Elementalist)   Turns: 73369, Time: 05:57:16

HP:   11/209 (228)  AC: 14    Str:  9    XL:     27
Gold: 4673          EV: 36    Int: 32    God:    Ashenzari [*****.] SH: 41 Dex: 22

rFire   + + +      SeeInvis +   K - +10 mace of Ashenzari's Planets {spect, rF+ rN+, Cun, Self} (curse)
rCold   x . .      Faith    .   s - +18 shield of the Gong {rElec rN+ Will+ EV-5, Melee, Fort} (curse)
rNeg    + + +      Spirit   .   t - +5 leather armour "Share My Negation" {+Inv rN+ Str+3 Stlth+, Self, Evo} (curse)
rPois   ∞          Reflect  +   (no helmet)
rElec   +          Harm     .   k - scarf of Ashenzari's Stars {repulsion, Self, Cun} (curse)
rCorr   .          Rampage  .   e - +3 pair of gauntlets of War {Slay+5, Cun, Range} (curse)
Will    +++..      Clarity  +   (boots unavailable)
Stlth   +++....... Rnd*Tele +   r - amulet of the Esoteric Heresy {Reflect *Corrode Fly rElec rPois SH+5, Self, Cun} (curse)
HPRegen 0.44/turn               A - ring of the Hare {EV+8, Cun, Evo} (curse)
MPRegen 0.00/turn               z - ring "Pessimism of Ashenzari" {+Blink Int+6, Range, Self} (curse)

@: in death's door, flying, studying 2 skills, drained, repel missiles
A: sickness immunity, fire resistance 2, cold vulnerability 1, float, innate
caster, HP casting, extra vitality 1, agile 1, berserk 1, screaming 1,
teleportitis 1, inability to read after injury 2, noise suppression
0: Orb of Zot
}: 4/15 runes: barnacled, slimy, silver, gossamer
a: Renounce Religion, Evoke Blink, Evoke Invisibility, Curse Item, Shatter the
Chains


You escaped.
You worshipped Ashenzari.
Ashenzari was extremely pleased with you.
You visited 11 branches of the dungeon, and saw 53 of its levels.
You also visited: Bailey and Ice Cave.

You collected 7837 gold pieces.
You spent 3164 gold pieces at shops.

Inventory:

Hand Weapons
 c - the +8 flail "Hicuvieph" {speed, Contam rElec rPois SInv}
   (You found it on level 4 of the Vaults)

   Attacks with this weapon are significantly faster.
   rElec:     It insulates you from electricity.
   rPois:     It protects you from poison.
   SInv:      It lets you see invisible.
   Contam:    It causes magical contamination when unequipped.
 K - the cursed +10 mace of Ashenzari's Planets (weapon) {spect, rF+ rN+, Cun, Self}
   (You found it in a bailey)

   When its wielder attacks, the weapon's spirit leaps out and strikes again.
   The spirit shares a part of any damage it takes with its wielder.
   rF:        It protects you from fire.
   rN:        It protects you from negative energy.
   It has a curse which improves the following skills: Cunning: Dodging and
   Stealth.
   Introspection: Fighting and Spellcasting.
 L - the +8 broad axe "Daaraabe" {freeze, *Slow rF+ Dex+2 Stlth+}
   (You took it off a frost giant on level 3 of the Depths)

   It freezes those it strikes, dealing additional cold damage.
   It can also slow down cold-blooded creatures.
   Dex:       It affects your dexterity (+2).
   rF:        It protects you from fire.
   *Slow:     It may slow you when you take damage.
   Stlth:     It makes you more stealthy.
Missiles
 a - 9 throwing nets
Armour
 e - the cursed +3 pair of gauntlets of War (worn) {Slay+5, Cun, Range}
   (You found it on level 2 of the Depths)

   Slay:      It affects your accuracy & damage with ranged weapons and melee
   (+5).
   It has a curse which improves the following skills: Cunning: Dodging and
   Stealth.
   Ranged Combat: Ranged Weapons and Throwing.
 k - the cursed scarf of Ashenzari's Stars (worn) {repulsion, Self, Cun}
   (You found it on level 4 of the Spider Nest)

   It has a curse which improves the following skills: Introspection: Fighting
   and Spellcasting.
   Cunning:   Dodging and Stealth.
 s - the cursed +18 shield of the Gong (worn) {rElec rN+ Will+ EV-5, Melee, Fort}
   (You found it on level 11 of the Dungeon)

   It is deafeningly noisy when blocking attacks.
   EV:        It affects your evasion (-5).
   rElec:     It insulates you from electricity.
   rN:        It protects you from negative energy.
   Will:      It increases your willpower.
   It has a curse which improves the following skills: Melee Combat: Short
   Blades, Long Blades, Axes, Maces & Flails, Polearms, Staves and Unarmed
   Combat.
   Fortitude: Armour and Shields.
 t - the cursed +5 leather armour "Share My Negation" (worn) {+Inv rN+ Str+3 Stlth+, Self, Evo}
   (You found it on level 1 of the Vaults)

   Str:       It affects your strength (+3).
   rN:        It protects you from negative energy.
   +Inv:      It lets you turn invisible.
   Stlth:     It makes you more stealthy.
   It has a curse which improves the following skills: Introspection: Fighting
   and Spellcasting.
   Evocations: Evocations.
 D - the +0 pair of gloves of Courage {rElec}
   (You found it on level 4 of the Spider Nest)

   rElec:     It insulates you from electricity.
 H - the +2 pair of gloves "Woazi" {rF- rC+++ Dex-5 SInv}
   (You acquired it on level 1 of the Shoals)

   Dex:       It affects your dexterity (-5).
   rF:        It makes you vulnerable to fire.
   rC:        It renders you almost immune to cold.
   SInv:      It lets you see invisible.
 O - quicksilver dragon scales
 S - +4 shadow dragon scales
 W - a +0 troll leather armour
Jewellery
 r - the cursed amulet of the Esoteric Heresy (around neck) {Reflect *Corrode Fly rElec rPois SH+5, Self, Cun}
   (You bought it in a shop on level 5 of the Vaults)

   [amulet of reflection]

   It reflects blocked missile attacks.
   rElec:     It insulates you from electricity.
   rPois:     It protects you from poison.
   Fly:       It grants you flight.
   *Corrode:  It may corrode you when you take damage.
   SH:        It affects your SH (+5).
   It has a curse which improves the following skills: Introspection: Fighting
   and Spellcasting.
   Cunning:   Dodging and Stealth.
 z - the cursed ring "Pessimism of Ashenzari" (right hand) {+Blink Int+6, Range, Self}
   (You found it on level 5 of the Pits of Slime)

   [ring of intelligence]

   Int:       It affects your intelligence (+6).
   +Blink:    It lets you blink.
   It has a curse which improves the following skills: Ranged Combat: Ranged
   Weapons and Throwing.
   Introspection: Fighting and Spellcasting.
 A - the cursed ring of the Hare (left hand) {EV+8, Cun, Evo}
   (You found it on level 5 of the Vaults)

   [ring of evasion]

   EV:        It affects your evasion (+8).
   It has a curse which improves the following skills: Cunning: Dodging and
   Stealth.
   Evocations: Evocations.
 G - a ring of ice
 R - a +4 ring of protection
Wands
 M - a wand of digging (11)
 N - a wand of polymorph (3)
 Q - a wand of mindburst (52)
Scrolls
 b - a scroll of enchant armour
 j - 3 scrolls of silence
 m - 6 scrolls of poison
 o - 23 scrolls of teleportation
 p - 6 scrolls of enchant weapon
 q - 3 scrolls of brand weapon
 x - 7 scrolls of butterflies
 J - 6 scrolls of fear
 Z - 4 scrolls of summoning
Potions
 d - 5 potions of berserk rage
 g - 5 potions of mutation
 i - 13 potions of brilliance
 l - 11 potions of attraction
 u - 4 potions of haste
 B - 3 potions of cancellation
 C - 8 potions of ambrosia
 T - 3 potions of might
Miscellaneous
 v - a lightning rod (4/4)
 w - a piece from Xom's chessboard (15/15)
 y - a tin of tremorstones (2/2)
 E - a condenser vane
 F - a condenser vane
 U - a box of beasts
 V - a phial of floods
 Y - a phantom mirror


   Skills:
 + Level 22.9(27) Fighting
 - Level 11.9(14.2) Maces & Flails
 - Level 10.9(13.2) Armour
 - Level 25.0(27) Dodging
 - Level 10.0(16.3) Stealth
 + Level 20.4(22.4) Shields
 - Level 4.9(7.1) Unarmed Combat
 - Level 17.2(23.4) Spellcasting
 - Level 15.8(19.1) Evocations


You couldn't memorise any spells.
You knew the following spells:

 Your Spells              Type           Power      Damage    Failure   Level
a - Freeze                Ice            100%       1d11      0%          1
b - Frozen Ramparts       Ice            100%       1d16      0%          3
c - Ozocubu's Armour      Ice            100%       N/A       0%          3
d - Hailstorm             Conj/Ice       100%       3d20      0%          4
e - Beastly Appendage     Tmut           100%       N/A       0%          1
f - Wereblood             Tmut           100%       N/A       0%          2
g - Tukima's Dance        Hex            100%       N/A       0%          3
h - Summon Lightning Spi  Summ/Air       100%       N/A       0%          4
i - Lightning Bolt        Conj/Air       56%        1d78      0%          5
j - Alistair's Intoxicat  Tmut/Pois      74%        N/A       0%          5
k - Statue Form           Tmut/Erth      74%        N/A       0%          6
l - Eringya's Noxious Bo  Tmut/Pois      56%        N/A       0%          6
m - Monstrous Menagerie   Summ           56%        N/A       1%          7
n - Lehudib's Crystal Sp  Conj/Erth      56%        10d13     1%          8
o - Maxwell's Capacitive  Air            56%        ∞         1%          8
p - Infestation           Necr           56%        N/A       1%          8
q - Death's Door          Necr           56%        N/A       8%          9
Your spell library was empty.

Dungeon Overview and Level Annotations

Branches:
Dungeon (15/15)            Temple (1/1) D:5            Lair (5/5) D:11
 Shoals (4/4) Lair:3       Spider (4/4) Lair:3        Slime (5/5) Lair:4
    Orc (2/2) D:11            Elf (3/3) Orc:2        Vaults (5/5) D:13
  Crypt (0/3) Vaults:2     Depths (4/4) D:15            Zot (5/5) Depths:4
 Bailey (visited)           IceCv (visited)

Altars:
Ashenzari
Cheibriados
Dithmenos
Elyvilon
Fedhas
Gozag
Hepliaklqana
Makhleb
Okawaru
Qazlal
Ru
Trog
Uskayaw
Wu Jian
Xom
Yredelemnul
Zin
The Shining One

Shops:
D:4 [   D:5 *   D:9 ((::*=   D:11 [   Orc:1 (   Orc:2 (::!=   Elf:1 ?   Elf:2 *
Vaults:1 !   Vaults:2 ?   Vaults:3 [   Vaults:5 (=   Depths:4 *

Portals:
Hell: Depths:1 Depths:2 Depths:3
Abyss: Depths:2 Depths:3
Pandemonium: Depths:2
Ziggurat: Depths:4
Trove: D:12 (give horn of Geryon)

Annotations:
Spider:4 3 runed translucent doors, Ogegg's ghost, adept HOFi
Vaults:1 1 transporter
Zot:4 1 transporter, exclusion: obsidian statue


Innate Abilities, Weirdness & Mutations

You are immune to sickness and miasma.
You are immune to poison.
Your flesh is very heat resistant. (rF++)
You are vulnerable to cold. (rC-)
You float through the air rather than walking.
You learn spells naturally, not from books.
Your magical power is your life essence.
You have superior vitality. (+4 MHP)
You are agile. (Dex +4, Str/Int -1)
You sometimes lose your temper in combat.
You occasionally shout uncontrollably at your foes.
You are occasionally teleported next to monsters.
You sometimes lose the ability to read scrolls when taking damage.
You passively dampen the noise of your surroundings.


Message History

You see here a +0 war axe.
You see here a +0 club.
You see here a +0 whip.
You see here a +0 spear.
Things that are here:
a +0 ring mail; a +0 club
There is a stone staircase leading up here.
You fly upwards.
There is a stone staircase leading down here.
There is a stone staircase leading up here.
You fly upwards.
There is a stone staircase leading down here.
There is an open door here.
There is an empty arch of ancient stone here.
You see here 5 stones.
There is a staircase leading out of the dungeon here.
There is a staircase leading out of the dungeon here.
Casting: Lehudib's Crystal Spear (mildly dangerous; 1% risk of failure)
Confirm with . or Enter, or press ? or * to list all spells.
Okay, then.
Casting: Lehudib's Crystal Spear (mildly dangerous; 1% risk of failure)
Confirm with . or Enter, or press ? or * to list all spells.
Okay, then.
Casting: Lehudib's Crystal Spear (mildly dangerous; 1% risk of failure)
Confirm with . or Enter, or press ? or * to list all spells.
You can't see any susceptible monsters within range! (Use Z to cast anyway.) Unknown command.
Casting: Lehudib's Crystal Spear (mildly dangerous; 1% risk of failure)
Confirm with . or Enter, or press ? or * to list all spells.
Okay, then.
Casting: Lehudib's Crystal Spear (mildly dangerous; 1% risk of failure)
Confirm with . or Enter, or press ? or * to list all spells.
Okay, then.
Casting: Lehudib's Crystal Spear (mildly dangerous; 1% risk of failure)
Confirm with . or Enter, or press ? or * to list all spells.
You stand defiantly in death's doorway!
You seem to hear sand running through an hourglass...
* * * LOW HITPOINT WARNING * * *
You can't go down here!
You have escaped!

#♣...............####.######.....
#................∩.##......'.....
##...............#∩#########.....
##......⌠.....♣.....# #.....
.#∩#................♣ #.....
..###♣..............♣ #..... ###
#..........(...# ######
#.............~# #♣..♣......@.###
#[..........#### ##.♣(...♣..#####
############### #########
#.......# #.#####.# #.# #.# #.#
#.### #.# #..:.


There were no monsters in sight!

Vanquished Creatures
  the Royal Jelly (Slime:5)
  2 dread liches (Zot:5)
  Mennas (Vaults:2)
  7 orbs of fire (Zot:5)
  An ancient lich (Vaults:4)
  2 juggernauts (Depths:2)
  3 Killer Klowns (Zot:5)
  A shard shrike (Depths:3)
  3 curse toes
  A caustic shrike (Zot:5)
  3 golden dragons
  The ghost of vegansnacktivist the Executioner, an adept DDFi of Makhleb (Vaults:1)
  A bone dragon (Depths:2)
  2 Tzitzimimeh
  2 Brimstone Fiends
  Zenata (Vaults:4)
  2 electric golems (Zot:5)
  2 doom hounds (Depths:2)
  Grunn (Depths:2)
  Asterion (Elf:3)
  A deep elf blademaster (Elf:2)
  3 titans (Vaults:5)
  19 Orb Guardians (Zot:5)
  10 tentacled monstrosities
  2 liches
  4 quicksilver dragons
  A deep elf master archer (Elf:3)
  4 death cobs
  15 acid blobs
  An Executioner (Depths:1)
  5 tengu reavers
  An ancient champion (Vaults:2)
  Agnes (D:15)
  2 sphinxes
  5 shadow dragons
  9 storm dragons
  12 rockslimes
  7 frost giants
  3 draconian monks
  3 azure jellies (Slime:5)
  A draconian knight (Zot:5)
  21 vault wardens
  2 iron dragons
  3 emperor scorpions
  2 draconian scorchers
  10 fire giants
  Aizul (Spider:1)
  10 deep elf sorcerers (Elf:3)
  4 ghost moths
  An angel (Zot:1)
  3 draconian shifters
  A reaper (Depths:2)
  17 ironbound preservers
  2 deep elf elementalists (Elf:3)
  15 very ugly things
  11 quicksilver oozes
  A spriggan defender (Depths:3)
  2 ironbound thunderhulks
  3 draconian annihilators
  3 broodmothers
  A deep elf demonologist (Elf:3)
  4 entropy weavers
  13 stone giants
  2 green draconians
  4 purple draconians
  A vampire knight (Depths:3)
  Azrael (D:15)
  A grey draconian (Depths:4)
  A lorocyproca (D:12)
  Nessos (D:13)
  An eleionoma (shapeshifter) (Vaults:5)
  3 black draconians
  2 spark wasps
  3 yellow draconians
  15 dire elephants
  6 white draconians
  4 deep elf annihilators
  8 red draconians
  Snorg (D:11)
  A deep elf death mage (Elf:2)
  A green death (Zot:5)
  10 ettins
  3 fire dragons
  2 crystal guardians (Vaults:1)
  5 merfolk impalers
  17 yaktaur captains
  7 great orbs of eyes
  5 merfolk javelineers
  38 vault guards
  4 deep elf high priests
  2 rakshasas
  3 ice dragons
  4 ogre magi (Orc:2)
  A peacekeeper (Vaults:1)
  2 radroaches (Spider:4)
  10 boulder beetles
  2 alligator snapping turtles (Shoals:4)
  A jorogumo (Lair:3)
  A catoblepas (Lair:4)
  5 hydras
  Harold (Orc:1)
  9 merfolk avatars
  3 spriggan air magi
  14 ironbound frosthearts
  9 merfolk aquamancers
  7 two-headed ogres
  26 centaur warriors
  2 satyrs (Shoals:4)
  23 dancing weapons
  5 tengu warriors
  6 death yaks
  A deep troll earth mage (Vaults:5)
  A deep troll shaman (Depths:1)
  A spriggan berserker (Depths:3)
  14 deep elf knights
  An orc high priest (Elf:2)
  A sun demon (D:11)
  A soul eater (Vaults:2)
  2 sun moths (Spider:4)
  A skeletal warrior (Vaults:2)
  3 iron trolls
  7 pharaoh ants
  A goliath frog (Lair:5)
  A glowing orange brain (Slime:5)
  12 sea snakes
  9 steelbarb worms
  A swamp dragon (Depths:4)
  6 deep elf archers
  10 lindwurms
  A flayed ghost (Depths:1)
  A lindwurm (shapeshifter) (Elf:2)
  43 deep trolls
  23 ironbound convokers
  6 phantasmal warriors
  5 orb spiders
  4 necromancers
  8 wizards
  17 deep elf pyromancers
  An orc knight (Orc:1)
  29 harpies
  23 deep elf zephyrmancers
  19 manticores
  An oklob plant (Lair:4)
  9 wolf spiders
  2 orc sorcerers
  A shining eye (Slime:5)
  9 cyclopes
  2 fauns (Shoals:1)
  25 ugly things
  19 moths of wrath
  3 elephants (Lair:5)
  2 eyes of devastation
  9 merfolk sirens
  Joseph (D:7)
  4 rust devils
  3 black mambas
  3 gargoyles
  17 vault sentinels
  9 cane toads
  2 large abominations (Depths:1)
  2 torpor snails (Spider:4)
  3 water nymphs
  A frost giant skeleton (Vaults:4)
  A hellion (Zot:1)
  8 demonic crawlers
  38 yaktaurs
  8 rime drakes
  An efreet (D:13)
  2 tengu conjurers
  5 komodo dragons
  4 freezing wraiths
  34 merfolk
  3 polar bears (IceCv)
  A polar bear (shapeshifter) (D:13)
  5 meliai (Spider:4)
  2 trolls
  16 tarantellas
  14 wind drakes
  9 blink frogs
  12 snapping turtles
  4 tyrant leeches (Lair:5)
  70 slime creatures
  13 dream sheep
  An elf skeleton (Vaults:4)
  11 jumping spiders
  Sigmund (D:3)
  15 culicivoras
  An ettin skeleton (Vaults:4)
  An air elemental (Elf:1)
  2 wraiths (D:13)
  4 wyverns
  A ynoxinul (Zot:5)
  33 yaks
  5 fire elementals
  2 basilisks
  A neqoxec (D:8)
  19 water elementals
  Menkaure (D:7)
  2 steam dragons
  40 redbacks
  10 vampire mosquitoes
  An acid dragon (D:11)
  8 water moccasins
  Duvessa (D:7)
  6 hell hounds
  A floating eye (shapeshifter) (Vaults:5)
  15 orc warriors
  3 black bears (D:6)
  A black bear (shapeshifter) (D:14)
  An ice beast (shapeshifter) (Vaults:5)
  A tengu (shapeshifter) (Vaults:5)
  16 wolves
  A human zombie (Vaults:4)
  20 ogres
  8 centaurs
  A phantom (D:3)
  2 kobold brigands (D:9)
  12 bullfrogs
  3 earth elementals
  A gnoll sergeant (D:7)
  A scorpion (D:6)
  6 killer bees (D:8)
  4 electric eels
  7 howler monkeys
  3 hounds
  A jelly (D:4)
  4 orc priests
  4 gnoll boudas
  20 orc wizards
  25 gnolls
  11 adders
  A shadow imp (D:8)
  5 white imps
  An ufetubus (D:6)
  4 worms
  4 dart slugs
  37 orcs
  8 ball pythons
  5 endoplasms
  5 giant cockroaches
  6 goblins
  6 hobgoblins
  11 jackals
  14 kobolds
  5 quokkas
  5 bats
  2 frilled lizards (D:3)
  3 rats
  A spectral goblin (D:2)
  A fire vortex (Depths:1)
1652 creatures vanquished.

Vanquished Creatures (collateral kills)
  A shard shrike (Depths:3)
  2 golden dragons
  3 tentacled monstrosities
  A lich (Vaults:5)
  6 Orb Guardians (Zot:5)
  6 acid blobs
  A death cob (Zot:3)
  A sphinx (Vaults:4)
  A shadow dragon (Zot:3)
  2 storm dragons (Zot:3)
  2 rockslimes (Slime:5)
  Ilsuiw (Shoals:2)
  2 azure jellies
  A fire giant (Depths:1)
  2 deep elf sorcerers
  2 vault wardens
  A draconian scorcher (Depths:4)
  2 frost giants
  2 draconian stormcallers
  2 draconian shifters (Zot:5)
  A draconian annihilator (Zot:5)
  3 quicksilver oozes
  2 stone giants
  11 very ugly things
  3 ironbound preservers
  3 green draconians
  A grey draconian (Depths:4)
  A war gargoyle (Vaults:5)
  2 spark wasps (Depths:3)
  A deep elf annihilator (Elf:3)
  A deep elf demonologist (Elf:3)
  An entropy weaver (Spider:2)
  5 dire elephants
  A purple draconian (Zot:2)
  2 white draconians
  A black draconian (Zot:5)
  4 red draconians
  A merfolk impaler (Shoals:2)
  Josephine (D:13)
  2 ettins
  A yaktaur captain (Vaults:1)
  A rakshasa (Depths:3)
  2 great orbs of eyes
  An ironbound frostheart (Vaults:2)
  A centaur warrior (D:13)
  4 vault guards
  2 ice dragons
  6 spriggan air magi
  8 two-headed ogres (Orc:2)
  A boulder beetle (Lair:2)
  3 hydras
  2 dancing weapons
  A tengu warrior (Depths:3)
  2 death yaks (IceCv)
  A deep troll earth mage (Depths:4)
  A vampire mage (Depths:3)
  A spriggan berserker (Depths:3)
  A hell knight (Depths:3)
  7 deep elf knights
  A pharaoh ant (Spider:2)
  A quicksilver dragon simulacrum (Depths:3)
  An iron troll (Depths:1)
  7 deep trolls
  A spriggan rider (Depths:3)
  A glowing orange brain (Depths:3)
  An orb spider (Spider:4)
  A deep elf archer (Elf:3)
  2 lindwurms (Vaults:2)
  2 ironbound convokers
  2 swamp dragons (Depths:4)
  2 oklob plants (Lair:4)
  A phantasmal warrior (Depths:3)
  A harpy (Vaults:2)
  2 fauns
  2 wolf spiders
  3 shining eyes
  8 deep elf pyromancers
  3 deep elf zephyrmancers
  2 cyclopes (D:14)
  9 ugly things
  3 merfolk sirens
  8 moths of wrath
  A manticore (Shoals:1)
  A black mamba (Lair:5)
  An eye of devastation (Slime:5)
  3 vault sentinels
  5 cane toads
  2 demonic crawlers (Lair:3)
  9 yaktaurs
  3 komodo dragons
  5 rime drakes
  2 tengu conjurers
  A merfolk (Shoals:2)
  2 trolls
  2 polar bears (IceCv)
  A hornet (Depths:3)
  6 dream sheep
  6 blink frogs
  Prince Ribbit (D:7)
  8 tarantellas
  18 slime creatures
  6 jumping spiders
  3 culicivoras
  A shadow (D:10)
  3 water elementals (Depths:2)
  3 spriggans
  14 yaks
  2 wraiths (D:13)
  3 wyverns
  2 basilisks
  12 redbacks
  5 vampire mosquitoes
  2 steam dragons
  2 fire elementals (D:15)
  3 acid dragons
  A hell hound (D:15)
  3 water moccasins
  An ice beast (D:7)
  6 orc warriors
  10 ogres
  6 wolves
  2 kobold brigands
  An earth elemental (Elf:3)
  5 bullfrogs
  Dowan (D:7)
  An electric eel (D:12)
  3 howler monkeys (D:3)
  8 orc priests
  2 hounds (D:3)
  Ijyb (D:3)
  5 orc wizards
  11 gnolls
  9 white imps (Lair:2)
  A worm (D:3)
  38 orcs
  An endoplasm (D:3)
  A hobgoblin (D:3)
  5 jackals (D:3)
  A kobold (D:9)
459 creatures vanquished.

Vanquished Creatures (others)
  A pandemonium lord (Depths:1)
  A sphinx (Depths:2)
  A tengu reaver (Depths:2)
  A vault warden (Vaults:3)
  A deep elf elementalist (Elf:3)
  A black draconian (Zot:2)
  A deep elf demonologist (Vaults:5)
  A fire dragon (Depths:4)
  A dancing weapon (Vaults:5)
  A deep troll earth mage (Depths:2)
  A hell knight (Depths:1)
  3 water elementals (Depths:2)
  A wyvern (Depths:4)
  2 fire vortices (Depths:1)
  24 fungi
  165 plants
206 creatures vanquished.

Grand Total: 2317 creatures vanquished

Notes
Turn   | Place    | Note
-------+----------+-------------------------------------------
     0 | D:1      | leafyfresh the Djinni Ice Elementalist began the quest for
                  | the Orb.
     0 | D:1      | leafyfresh set off with the following spells memorised:
                  | Freeze, Frozen Ramparts, Ozocubu's Armour, Hailstorm.
     0 | D:1      | Reached XP level 1. HP: 15/15 MP: 0/0
   133 | D:1      | Reached XP level 2. HP: 16/21 MP: 0/0
   816 | D:1      | Reached XP level 3. HP: 23/25 MP: 0/0
   816 | D:1      | Learned a level 1 spell: Beastly Appendage
   850 | D:1      | Reached skill level 3 in Dodging
  1822 | D:2      | Reached XP level 4. HP: 21/31 MP: 0/0
  2539 | D:2      | Found a faded altar of an unknown god.
  2895 | D:3      | Reached skill level 4 in Dodging
  2895 | D:3      | Reached XP level 5. HP: 19/35 MP: 0/0
  2895 | D:3      | Learned a level 2 spell: Wereblood
  3151 | D:3      | Noticed a phantom
  3306 | D:3      | HP: 1/35 [phantom (4)]
  3326 | D:3      | Killed a phantom
  3327 | D:3      | Reached XP level 6. HP: 18/40 MP: 0/0
  3518 | D:3      | Noticed Sigmund
  3555 | D:4      | Found Isarhog's Antique Armour Emporium.
  3735 | D:4      | Reached skill level 5 in Dodging
  4042 | D:4      | You are sucked into a shaft and drop 1 floor!
  4042 | D:5      | Entered Level 5 of the Dungeon
  5051 | D:5      | Found Afrops's General Store.
  5090 | D:5      | Found a staircase to the Ecumenical Temple.
  5298 | Temple   | Entered the Ecumenical Temple
  5355 | Temple   | Became a worshipper of Ashenzari the Shackled
  5436 | D:6      | Reached XP level 7. HP: 24/45 MP: 0/0
  5436 | D:6      | Learned a level 3 spell: Tukima's Dance
  5535 | D:6      | Reached skill level 5 in Spellcasting
  5861 | D:6      | Reached skill level 6 in Dodging
  6330 | D:6      | Reached XP level 8. HP: 27/50 MP: 0/0
  6758 | D:6      | Reached skill level 7 in Dodging
  7887 | D:3      | Killed Sigmund
  7888 | D:3      | Reached XP level 9. HP: 36/55 MP: 0/0
  7888 | D:3      | Learned a level 4 spell: Summon Lightning Spire
  8122 | D:3      | Noticed Ijyb
  8130 | D:3      | Killed Ijyb
  8446 | D:3      | Reached skill level 8 in Dodging
  8463 | D:3      | Reached * piety under Ashenzari
 10199 | D:7      | Noticed Joseph
 10695 | D:7      | Killed Joseph
 10696 | D:7      | Reached skill level 9 in Dodging
 10696 | D:7      | Reached skill level 5 in Stealth
 10877 | D:7      | Noticed Duvessa
 10879 | D:7      | Noticed Dowan
 10886 | D:7      | Killed Duvessa
 10904 | D:7      | Reached XP level 10. HP: 21/60 MP: 0/0
 10906 | D:7      | Killed Dowan
 11152 | D:7      | Noticed Prince Ribbit
 11153 | D:7      | Noticed Menkaure
 11329 | D:7      | Killed Prince Ribbit
 11501 | D:7      | Reached ** piety under Ashenzari
 14082 | D:9      | Found a flagged portal.
 14090 | Bailey   | Entered a bailey
 14091 | Bailey   | Reached *** piety under Ashenzari
 14107 | Bailey   | Reached skill level 1 in Fighting
 14656 | Bailey   | Noticed a two-headed ogre
 14661 | Bailey   | Killed a two-headed ogre
 14747 | Bailey   | Identified the +10 mace of Kismet {spect, rF+ rN+}
 14992 | D:9      | Found Girphinyk's Neck Hole.
 15000 | D:9      | Bought an amulet of the acrobat for 330 gold pieces
 15045 | D:9      | Found Wylenaof's Book Shop.
 15100 | D:9      | Found Suipiski's Book Emporium.
 15120 | D:9      | Found Ycli Haic's Antique Weapon Emporium.
 15199 | D:9      | Reached XP level 11. HP: 76/79 MP: 0/0
 15199 | D:9      | Learned a level 5 spell: Lightning Bolt
 15221 | D:9      | Found a stormy altar of Qazlal.
 15227 | D:9      | Found Uqiowkixt's Weapon Shoppe.
 15281 | D:9      | Noticed a deep elf pyromancer
 15288 | D:9      | Killed a deep elf pyromancer
 15324 | D:9      | Found a glowing silver altar of Zin.
 15408 | D:9      | Reached skill level 5 in Fighting
 15479 | D:9      | Found Plog's Jewellery Boutique.
 15526 | D:9      | Found a hide-covered altar of Uskayaw.
 15837 | D:10     | Entered Level 10 of the Dungeon
 16102 | D:10     | Noticed a four-headed hydra
 16107 | D:10     | Killed a four-headed hydra
 16243 | D:10     | Identified a scroll of acquirement
 16268 | D:10     | Acquired the +1 buckler of Hide-and-Seek {rPois Int+4
                  | Dex+2}
 16647 | D:11     | Noticed Snorg
 16652 | D:11     | Killed Snorg
 16653 | D:11     | Reached skill level 1 in Shields
 16776 | D:11     | Noticed a four-headed hydra
 16782 | D:11     | Killed a four-headed hydra
 16919 | D:11     | Found Jailom's Armour Shop.
 16925 | D:11     | Found a staircase to the Orcish Mines.
 16929 | D:11     | Noticed a cyclops
 16936 | D:11     | Killed a cyclops
 17012 | D:11     | Noticed a tengu warrior
 17026 | D:11     | Killed a tengu warrior
 17352 | D:11     | Reached XP level 12. HP: 78/94 MP: 0/0
 17416 | D:11     | Found the +18 shield of the Gong {rElec rN+ Will+ EV-5}
 17654 | D:11     | Found a staircase to the Lair.
 17690 | D:11     | Reached **** piety under Ashenzari
 17692 | Lair:1   | Entered Level 1 of the Lair of Beasts
 17761 | Lair:1   | Reached skill level 10 in Spellcasting
 17886 | Lair:1   | Reached ***** piety under Ashenzari
 17930 | Lair:1   | Reached skill level 10 in Dodging
 18731 | Lair:2   | Noticed a boulder beetle
 18738 | Lair:2   | Killed a boulder beetle
 18739 | Lair:2   | Reached skill level 11 in Dodging
 18804 | Lair:2   | Found a frozen archway.
 18845 | Lair:2   | Reached skill level 12 in Dodging
 18850 | IceCv    | Entered an ice cave
 19105 | IceCv    | Noticed a death yak
 19112 | IceCv    | Killed a death yak
 19113 | IceCv    | Reached skill level 13 in Dodging
 19444 | IceCv    | Noticed a death yak
 19458 | IceCv    | Noticed a death yak
 19477 | IceCv    | Killed a death yak
 19478 | IceCv    | Reached XP level 13. HP: 85/106 MP: 0/0
 19478 | IceCv    | Learned a level 5 spell: Alistair's Intoxication
 19638 | IceCv    | Noticed a frost giant
 19790 | IceCv    | Reached skill level 14 in Dodging
 19791 | IceCv    | Killed a frost giant
 19827 | IceCv    | Reached skill level 15 in Dodging
 20655 | Lair:2   | Noticed a seven-headed hydra
 20692 | Lair:2   | Killed a seven-headed hydra
 20693 | Lair:2   | Reached skill level 16 in Dodging
 21155 | Lair:3   | Found a hole to the Spider Nest.
 21304 | Lair:3   | Found a staircase to the Shoals.
 21632 | Lair:3   | Noticed a five-headed hydra
 21639 | Lair:3   | Killed a five-headed hydra
 21774 | Lair:3   | Reached skill level 17 in Dodging
 22113 | Lair:3   | Reached XP level 14. HP: 96/112 MP: 0/0
 22434 | Lair:4   | Found a blossoming altar of Fedhas.
 23022 | Lair:4   | Reached skill level 18 in Dodging
 23125 | Lair:4   | Found a hide-covered altar of Uskayaw.
 23125 | Lair:4   | Found an ornate altar of the Wu Jian Council.
 23763 | Lair:4   | Found a staircase to the Slime Pits.
 23963 | Lair:5   | Entered Level 5 of the Lair of Beasts
 23976 | Lair:5   | Reached skill level 19 in Dodging
 24002 | Lair:5   | HP: 4/112 [black mamba (12)]
 24007 | Lair:4   | HP: 2/112 [cane toad (20)]
 24295 | Lair:4   | Acquired 764 gold pieces
 25280 | Lair:5   | Reached skill level 20 in Dodging
 25503 | Lair:5   | Reached skill level 1 in Armour
 25553 | Lair:5   | Acquired the amulet "Ylasch" {rElec rPois rF+ Regen+ rCorr}
 25816 | Lair:5   | Reached XP level 15. HP: 120/120 MP: 0/0
 25816 | Lair:5   | Learned a level 6 spell: Statue Form
 25969 | Lair:4   | Reached skill level 1 in Unarmed Combat
 26235 | Spider:1 | Entered Level 1 of the Spider Nest
 26305 | Lair:3   | Identified the cursed +0 pair of gloves of Curses and Power
                  | {Fort, Self} (You found it on level 1 of the Dungeon)
 26305 | Lair:3   | Identified the cursed +2 robe "Astrological Regret" {rF+,
                  | Melee, Self} (You took it off an orc wizard on level 6 of
                  | the Dungeon)
 26411 | Spider:1 | Noticed an emperor scorpion
 26416 | Spider:1 | Killed an emperor scorpion
 26417 | Spider:1 | Noticed Aizul
 26429 | Spider:1 | Killed Aizul
 27067 | Orc:1    | Entered Level 1 of the Orcish Mines
 27267 | Orc:2    | Entered Level 2 of the Orcish Mines
 27267 | Orc:2    | Found Joirch's Weapon Shop.
 27746 | Orc:2    | Found a staircase to the Elven Halls.
 28235 | Orc:2    | Found Xaidghazoux's Book Emporium.
 28235 | Orc:2    | Found Lifoh's Book Boutique.
 28239 | Orc:2    | Found Witocerch's Distillery.
 28239 | Orc:2    | Found Qetew's Jewellery Shop.
 28404 | Orc:1    | Noticed Harold
 28409 | Orc:1    | Killed Harold
 28745 | Orc:1    | Found Umyfio's Antique Weapon Emporium.
 29143 | Elf:1    | Entered Level 1 of the Elven Halls
 29272 | Elf:1    | Reached XP level 16. HP: 112/112 MP: 0/0
 29383 | Elf:1    | Acquired a manual of Maces & Flails
 29393 | Elf:1    | Reached skill level 1 in Maces & Flails
 29648 | Elf:1    | Reached skill level 5 in Maces & Flails
 29827 | Elf:1    | Found Gangoalu's Magic Scroll Emporium.
 29842 | Elf:1    | Bought a scroll of fear for 48 gold pieces
 29842 | Elf:1    | Bought a scroll of teleportation for 36 gold pieces
 30667 | Elf:2    | HP: 3/112 [something/shard of ice (24)]
 31457 | Shoals:1 | Entered Level 1 of the Shoals
 31465 | Shoals:1 | Reached skill level 1 in Evocations
 31835 | Spider:1 | Reached skill level 10 in Maces & Flails
 32135 | Spider:2 | Noticed an emperor scorpion
 32145 | Spider:2 | Killed an emperor scorpion
 32348 | Spider:2 | Reached XP level 17. HP: 74/120 MP: 0/0
 32348 | Spider:2 | Learned a level 6 spell: Eringya's Noxious Bog
 32432 | Spider:2 | Reached skill level 5 in Evocations
 33497 | Spider:4 | Entered Level 4 of the Spider Nest
 33578 | Spider:4 | Reached skill level 5 in Shields
 34392 | Spider:4 | Identified the cursed +2 troll leather armour of Toth-Mos's
                  | Legacy {Regen+, Snorg, Self, Cun} (You found it on level 11
                  | of the Dungeon)
 34413 | Spider:4 | Reached XP level 18. HP: 110/133 MP: 0/0
 34629 | Spider:4 | Reached skill level 10 in Fighting
 34691 | Spider:4 | Identified the +0 pair of gloves of Courage {rElec}
 34701 | Spider:4 | Got a gossamer rune of Zot
 34931 | Spider:4 | Found a runed translucent gate.
 34931 | Spider:4 | Found a runed translucent gate.
 34932 | Spider:4 | Found a runed translucent gate.
 34933 | Spider:4 | Noticed Ogegg's ghost (adept HOFi)
 35913 | Shoals:1 | Acquired the +2 pair of gloves "Woazi" {rF- rC+++ Dex-5
                  | SInv}
 35915 | Shoals:1 | Acquired the +1 pair of gloves of Fashionability {rC- Dex+6
                  | SInv}
 35947 | Shoals:1 | Acquired the ring "Sana" {rPois EV+4}
 35949 | Shoals:1 | Acquired a manual of Evocations
 36124 | Shoals:2 | Noticed Ilsuiw
 36136 | Shoals:2 | Killed Ilsuiw
 36221 | Shoals:2 | Reached skill level 10 in Evocations
 37494 | Shoals:4 | Entered Level 4 of the Shoals
 37504 | Shoals:4 | Reached XP level 19. HP: 148/148 MP: 0/0
 37504 | Shoals:4 | Learned a level 7 spell: Monstrous Menagerie
 37761 | Shoals:4 | Reached skill level 21 in Dodging
 37884 | Shoals:4 | Identified the +4 short sword of Turmoil {holy, *Corrode
                  | Str+5}
 38178 | Shoals:4 | Got a barnacled rune of Zot
 38407 | Shoals:4 | Found the +7 great mace "Firestarter" {inner flame, rF++}
 38971 | Slime:1  | Entered Level 1 of the Pits of Slime
 40659 | Slime:4  | Reached XP level 20. HP: 157/157 MP: 0/0
 41212 | Slime:5  | Entered Level 5 of the Pits of Slime
 41251 | Slime:5  | Identified the ring of Fiunoh {+Blink Int+6}
 41251 | Slime:5  | Noticed the Royal Jelly
 41272 | Slime:5  | Killed the Royal Jelly
 41273 | Slime:5  | Reached skill level 22 in Dodging
 41327 | Slime:5  | Gained mutation: You are dopey. (Int -2) [a shining eye]
 41330 | Slime:5  | Gained mutation: Armour fits poorly on your strangely
                  | shaped body. [a shining eye]
 41423 | Slime:5  | Found the +12 glaive of Prune {vorpal}
 41427 | Slime:5  | Identified the +2 dagger of Hepliaklqana, Crafting {venom,
                  | rCorr Str+2 Int+4 SInv}
 41432 | Slime:5  | Gained mutation: You have hidden genetic defects. [a
                  | shining eye]
 41436 | Slime:5  | Identified the +6 trident of the Realm of Zot {flame, Str+3
                  | SInv}
 41439 | Slime:5  | Lost mutation: You have hidden genetic defects. [a shining
                  | eye]
 41473 | Slime:5  | Got a slimy rune of Zot
 42855 | Elf:2    | Found a runed translucent gate.
 42855 | Elf:2    | Found a runed translucent gate.
 42855 | Elf:2    | Found a runed translucent gate.
 42995 | Elf:2    | Found Kocweulu's Assorted Antiques.
 43217 | Elf:2    | Reached skill level 15 in Evocations
 43464 | Elf:2    | Reached XP level 21. HP: 90/171 MP: 0/0
 43464 | Elf:2    | Learned a level 8 spell: Lehudib's Crystal Spear
 43652 | Elf:3    | Entered Level 3 of the Elven Halls
 43712 | Elf:3    | Identified the ring of Dekkum {rN+ Int+6}
 43765 | Elf:3    | Identified the +4 hand axe of Kismet {vorpal, SInv}
 43849 | Elf:3    | Noticed Asterion
 43857 | Elf:3    | Killed Asterion
 44156 | Elf:3    | Identified the +1 leather armour "Vuth" {rF+}
 44263 | Elf:3    | Identified the +9 ring mail of Lugonu's Vengeance {Harm
                  | Dex+4}
 44264 | Elf:3    | Identified the +6 shortbow "Peaggagi" {freeze, rC+ Str+4
                  | Dex-4 SInv}
 44297 | Elf:3    | Identified Qeryil's Monograph on Assembling and Hurting
 45101 | Orc:1    | Bought a brightly glowing sling for 156 gold pieces
 45101 | Orc:1    | Identified the +7 sling "Meagy" {vorpal, rN+ Will- Dex+6}
                  | (You bought it in a shop on level 1 of the Orcish Mines)
 45101 | Orc:1    | Bought a crude dagger for 168 gold pieces
 45101 | Orc:1    | Identified the +5 dagger "Jusil" {holy, Str+7} (You bought
                  | it in a shop on level 1 of the Orcish Mines)
 45375 | D:12     | Identified the amulet "Emeromor" {Reflect rC+ SH+5}
 45749 | D:12     | Found a portal to a secret trove of treasure.
 46045 | D:13     | Noticed Nessos
 46053 | D:13     | Killed Nessos
 46179 | D:13     | Noticed Josephine
 46184 | D:13     | Killed Josephine
 46512 | D:13     | Lost mutation: Armour fits poorly on your strangely shaped
                  | body. [potion of mutation]
 46512 | D:13     | Lost mutation: You are dopey. (Int -2) [potion of mutation]
 46512 | D:13     | Gained mutation: You are agile. (Dex +4, Str/Int -1)
                  | [potion of mutation]
 46656 | D:13     | Reached skill level 23 in Dodging
 46917 | D:13     | Found a gate to the Vaults.
 46945 | D:13     | Reached skill level 15 in Fighting
 46999 | Vaults:1 | Entered Level 1 of the Vaults
 47010 | Vaults:1 | Identified the +5 leather armour of Nobraogism {+Inv rN+
                  | Str+3 Stlth+}
 47418 | Vaults:1 | Reached XP level 22. HP: 152/184 MP: 0/0
 47932 | Vaults:1 | Found a transporter.
 47937 | Vaults:1 | Noticed vegansnacktivist's ghost (adept DDFi)
 47938 | Vaults:1 | Found a bloodstained altar of Trog.
 47948 | Vaults:1 | Found a transporter.
 48136 | Vaults:1 | Found Liwic's Distillery.
 48367 | Vaults:2 | Reached skill level 15 in Spellcasting
 48513 | Vaults:2 | Noticed Mennas
 48530 | Vaults:2 | Killed Mennas
 48929 | Vaults:2 | Reached skill level 24 in Dodging
 48977 | Vaults:2 | Found Vuedofur's Magic Scroll Shoppe.
 48985 | Vaults:2 | Bought a scroll of teleportation for 48 gold pieces
 48985 | Vaults:2 | Bought a scroll of teleportation for 48 gold pieces
 49239 | Vaults:2 | Found a staircase to the Crypt.
 49572 | Vaults:2 | Reached XP level 23. HP: 188/188 MP: 0/0
 49572 | Vaults:2 | Learned a level 8 spell: Maxwell's Capacitive Coupling
 50356 | Vaults:3 | Identified the Papyrus of Vitiation
 50651 | Vaults:3 | Found Jiots's Antique Armour Shoppe.
 50998 | Vaults:3 | Identified the +5 dire flail of Resumed Hostilities {flame,
                  | Drain Fragile rCorr Str+5}
 52091 | Vaults:4 | Paralysed by a sphinx for 5 turns
 52348 | Vaults:4 | Noticed Zenata
 52349 | Vaults:4 | Identified the +6 chain mail of the Catamount {Dex+2}
 52359 | Vaults:4 | Killed Zenata
 52528 | Vaults:4 | Identified the +8 flail "Hicuvieph" {speed, Contam rElec
                  | rPois SInv}
 52676 | Vaults:4 | Reached XP level 24. HP: 196/196 MP: 0/0
 52683 | Vaults:4 | Reached skill level 10 in Shields
 52773 | Vaults:4 | Noticed an ancient lich
 52887 | Vaults:4 | Reached skill level 25 in Dodging
 52940 | Vaults:4 | Killed an ancient lich
 53441 | Vaults:5 | Entered Level 5 of the Vaults
 53482 | Vaults:5 | Identified the +5 rapier "Ottet" {elec, rElec}
 53486 | Vaults:5 | Identified the +2 battleaxe of Conscience {vorpal, Int+4}
 53542 | Vaults:5 | Identified the Codex of Venomous Accomplices
 53607 | Vaults:5 | Identified the +3 scimitar of Suer {drain, *Corrode rF+
                  | SInv}
 53611 | Vaults:5 | Found the ring of the Hare {EV+8}
 53884 | Vaults:5 | Reached XP level 25. HP: 146/204 MP: 0/0
 53884 | Vaults:5 | Learned a level 8 spell: Infestation
 54008 | Vaults:5 | Got a silver rune of Zot
 54019 | Vaults:5 | Identified the +8 shortbow "Eviscerator" {freeze, rElec
                  | MP+9 Str+4 SInv}
 54507 | D:9      | Reached skill level 10 in Stealth
 55265 | D:7      | Killed Menkaure
 55713 | Orc:2    | Bought a manual of Shields for 1200 gold pieces
 57187 | Vaults:1 | Killed vegansnacktivist's ghost
 57593 | Vaults:1 | Bought a potion of might for 80 gold pieces
 57851 | Vaults:2 | Bought a scroll of enchant armour for 120 gold pieces
 57851 | Vaults:2 | Bought a scroll of magic mapping for 120 gold pieces
 58329 | Vaults:5 | Found Killewk's Weapon Shoppe.
 58707 | Vaults:5 | Found Kucasoa's Jewellery Shoppe.
 58711 | Vaults:5 | Bought the amulet of the Middle {Reflect *Corrode Fly rElec
                  | rPois SH+5} for 670 gold pieces
 59807 | D:14     | Reached skill level 5 in Armour
 60299 | D:15     | Entered Level 15 of the Dungeon
 60415 | D:15     | Noticed Azrael
 60422 | D:15     | Killed Azrael
 60521 | D:15     | Noticed Agnes
 60527 | D:15     | Killed Agnes
 60691 | D:15     | Found a hide-covered altar of Uskayaw.
 61254 | D:15     | Found a staircase to the Depths.
 61290 | Depths:1 | Entered Level 1 of the Depths
 61380 | Depths:1 | Found a gateway to Hell.
 61786 | Depths:2 | Found a one-way gate leading to the halls of Pandemonium.
 61798 | Depths:2 | Noticed a juggernaut
 61803 | Depths:2 | Killed a juggernaut
 61841 | Depths:2 | Reached skill level 10 in Armour
 62261 | Depths:2 | Identified Behuw's Compilation of the Swarm and Congelation
 62334 | Depths:2 | Noticed a juggernaut
 62339 | Depths:2 | Killed a juggernaut
 62560 | Depths:2 | Found the +3 pair of gauntlets of War {Slay+5}
 62561 | Depths:2 | Identified the Opusculum on Quantum Conjury
 63650 | Depths:2 | Lost mutation: You are agile. (Dex +4, Str/Int -1) [potion
                  | of mutation]
 63650 | Depths:2 | Gained mutation: Potions are less effective at restoring
                  | your health. [potion of mutation]
 63650 | Depths:2 | Gained mutation: You have a beak for a mouth. [potion of
                  | mutation]
 63651 | Depths:2 | Lost mutation: Potions are less effective at restoring your
                  | health. [potion of mutation]
 63651 | Depths:2 | Lost mutation: You have a beak for a mouth. [potion of
                  | mutation]
 63651 | Depths:2 | Gained mutation: You are agile. (Dex +4, Str/Int -1)
                  | [potion of mutation]
 63651 | Depths:2 | Gained mutation: You are weak. (Str -2) [potion of
                  | mutation]
 63651 | Depths:2 | Gained mutation: You passively dampen the noise of your
                  | surroundings. [potion of mutation]
 63652 | Depths:2 | Lost mutation: You are weak. (Str -2) [potion of mutation]
 63652 | Depths:2 | Lost mutation: You are agile. (Dex +4, Str/Int -1) [potion
                  | of mutation]
 63652 | Depths:2 | Gained mutation: You occasionally lose the ability to read
                  | scrolls when taking damage. [potion of mutation]
 63652 | Depths:2 | Gained mutation: You possess an exceptional clarity of
                  | mind. [potion of mutation]
 63652 | Depths:2 | Gained mutation: Your mind is acute. (Int +4, Str/Dex -1)
                  | [potion of mutation]
 63653 | Depths:2 | Lost mutation: Your mind is acute. (Int +4, Str/Dex -1)
                  | [potion of mutation]
 63653 | Depths:2 | Lost mutation: You possess an exceptional clarity of mind.
                  | [potion of mutation]
 63653 | Depths:2 | Lost mutation: You occasionally lose the ability to read
                  | scrolls when taking damage. [potion of mutation]
 63653 | Depths:2 | Gained mutation: You are agile. (Dex +4, Str/Int -1)
                  | [potion of mutation]
 63667 | Depths:3 | Reached skill level 15 in Shields
 63677 | Depths:3 | Reached XP level 26. HP: 192/205 MP: 0/0
 64527 | Depths:3 | Noticed a shard shrike
 64615 | Depths:3 | Found a broken altar of Ashenzari.
 64657 | Depths:3 | Noticed a shard shrike
 65148 | Depths:3 | Found a one-way gate to the infinite horrors of the Abyss.
 65243 | Depths:3 | Killed a shard shrike
 65243 | Depths:3 | Killed a shard shrike
 65325 | Depths:3 | Identified the +8 broad axe "Daaraabe" {freeze, *Slow rF+
                  | Dex+2 Stlth+}
 65575 | Depths:4 | Entered Level 4 of the Depths
 65752 | Depths:4 | Found Wuepug's Assorted Antiques.
 65760 | Depths:4 | Bought a potion of heal wounds for 140 gold pieces
 66029 | Depths:4 | Found a one-way gateway to a ziggurat.
 66343 | Depths:4 | Found a gate to the Realm of Zot.
 66351 | Zot:1    | Entered Level 1 of the Realm of Zot
 68152 | Zot:4    | Found a transporter.
 68154 | Zot:4    | Noticed a curse toe
 68167 | Zot:4    | Killed a curse toe
 68298 | Zot:3    | Noticed a curse toe
 68305 | Zot:3    | Killed a curse toe
 68684 | Zot:4    | Reached XP level 27. HP: 214/223 MP: 0/0
 68684 | Zot:4    | Learned a level 9 spell: Death's Door
 68989 | Zot:5    | Entered Level 5 of the Realm of Zot
 69159 | Zot:5    | Noticed a dread lich
 69171 | Zot:5    | Killed a dread lich
 69253 | Zot:5    | Noticed a Killer Klown
 69254 | Zot:5    | a Killer Klown changed into a caustic shrike
 69558 | Zot:5    | Noticed an orb of fire
 69803 | Zot:5    | Noticed a dread lich
 69806 | Zot:5    | Killed a dread lich
 69811 | Zot:5    | Noticed an orb of fire
 69813 | Zot:5    | Gained mutation: You occasionally shout uncontrollably at
                  | your foes. [an orb of fire]
 69815 | Zot:5    | Killed an orb of fire
 69816 | Zot:5    | Noticed an orb of fire
 69826 | Zot:5    | Killed an orb of fire
 70626 | Zot:5    | Noticed a Killer Klown
 70636 | Zot:5    | Killed a Killer Klown
 71190 | Zot:5    | Paralysed by a Zot trap for 2 turns
 71366 | Zot:5    | Noticed an orb of fire
 71367 | Zot:5    | Noticed a Killer Klown
 71371 | Zot:5    | Noticed an orb of fire
 71371 | Zot:5    | Gained mutation: You occasionally lose the ability to read
                  | scrolls when taking damage. [an orb of fire]
 71371 | Zot:5    | Noticed a Killer Klown
 71373 | Zot:5    | Killed an orb of fire
 71375 | Zot:5    | Killed a Killer Klown
 71375 | Zot:5    | Noticed an orb of fire
 71376 | Zot:5    | Gained mutation: You sometimes lose the ability to read
                  | scrolls when taking damage. [an orb of fire]
 71383 | Zot:5    | Gained mutation: You are occasionally teleported next to
                  | monsters. [an orb of fire]
 71384 | Zot:5    | Killed an orb of fire
 71386 | Zot:5    | Killed a Killer Klown
 71394 | Zot:5    | Killed an orb of fire
 71792 | Zot:5    | Noticed an orb of fire
 71798 | Zot:5    | Killed an orb of fire
 71925 | Zot:5    | Noticed an orb of fire
 71938 | Zot:5    | Gained mutation: You sometimes lose your temper in combat.
                  | [an orb of fire]
 71942 | Zot:5    | Killed an orb of fire
 72376 | Zot:5    | Got the Orb of Zot
 72699 | Depths:2 | Noticed Grunn
 72726 | Depths:2 | Killed Grunn
 72837 | Depths:1 | Noticed Qebrot the pandemonium lord
 72857 | Depths:1 | Killed Qebrot the pandemonium lord
 72912 | D:15     | Noticed Hiammib the pandemonium lord
 73038 | D:10     | Noticed a seraph
 73369 | D:$      | Escaped with the Orb!

Illustrated notes

Levels and vault maps discovered:
D:1:      nzn_arrival_settlement, layout_basic
D:2:      layout_loops_ring, basic_altar,
          dreamdust_ecumenical_altar_drowned_temple, feat_on_display
D:3:      lemuel_castle_with_subvaults [lemuel_castle_interior_carwin_2],
          layout_loops_corners, st_stairs_1, serial_bayou_lagoon_b,
          uniq_sigmund, uniq_ijyb
D:4:      layout_gridville, serial_shops, shop_fountains
D:5:      layout_basic, temple_hall, serial_shops, nicolae_shop_behind_doors,
          amcnicky_mini_pool_small
D:6:      minmay_flawed_box, layout_cave_pools, minmay_hedge_maze,
          mrwooster_statue_mirror, corexii_shack, kennysheep_cluttered_room
D:7:      layout_cave_pools, kennysheep_cross_room, uniq_duvessa, uniq_joseph,
          uniq_crazy_yiuf_cottage, uniq_prince_ribbit1, uniq_menkaure
D:8:      layout_basic
D:9:      cheibrodos_iron_armory, layout_loops_ring,
          mainiacjoe_overflow_catch_the_wave, gammafunk_temple_overflow_pools,
          enter_bailey_2, serial_shops, nicolae_diamond_shop,
          nicolae_shop_temple_entry_statues_fountains, nicolae_take_the_stairs,
          shop, nicolae_shop_trees, grunt_decor_mini_mirrors,
          chequers_serial_rivers_large_a, columned_hall_lemuel, minivault_11,
          nicolae_shop_sticking_my_neck_out
D:10:     layout_stronghold
D:11:     layout_basic, david_lair_shrubbed, orc_0_dummy, serial_shops,
          nicolae_shop_trees, hellmonk_guarded_unrand_gong, uniq_snorg
D:12:     layout_grid_maze, enter_trove_1, abandoned_shop, serial_bayou_pond_b
D:13:     minmay_chambers_of_sevens, layout_layer_cave, david_vaults_4,
          kennysheep_generic_room_12, uniq_nessos, uniq_josephine
D:14:     layout_roguey, small_statue_intersection
D:15:     grunt_enter_depths_snipers, layout_irregular_city,
          hangedman_abyss_or_decor_stabs, dancing_weapons_uskayaw, uniq_agnes,
          uniq_azrael
Temple:   nicolae_temple_two_arcs
Lair:1:   layout_loops_ring
Lair:2:   layout_chaotic_city, portal_ice_cave_entry_imps, grunt_megastairs_3
Lair:3:   layout_roguey, minmay_shoals_entry_lonely_mermaid,
          hellmonk_spider_entry_life_and_decay
Lair:4:   layout_hall_layers, slime_entry_1, hangedman_tree_tricks,
          nzn_masters_of_martial_movement
Lair:5:   minmay_lair_end_frog_pond, layout_regular_city, basic_altar,
          infiniplex_staircase_pool
Shoals:1: layout_shoals
Shoals:2: layout_shoals, uniq_ilsuiw
Shoals:3: layout_shoals, nicolae_shoals_drake_roost
Shoals:4: shoals_end_simple, layout_shoals, shoals_ilsuiw_ice
Spider:1: layout_spider_delve, uniq_aizul
Spider:2: layout_spider_delve, nicolae_spider_nooks_and_crannies
Spider:3: layout_spider_delve, hangedman_spider_tarantella_strand
Spider:4: hellmonk_spider_rune_bug_friends, gammafunk_ghost_necromancy,
          drop_trap, nicolae_spider_twisty_arc_passages
Slime:1:  layout_caves
Slime:2:  layout_caves
Slime:3:  layout_caves, nicolae_slime_phagocytosis
Slime:4:  layout_caves
Slime:5
Orc:1:    layout_caves, serial_shops, nicolae_shop_hallway_plus, uniq_harold
Orc:2:    st_orc_ogre_mass, layout_caves, serial_shops, shop
Elf:1:    eino_elf_arrival_shootout, layout_geoelf_grid, serial_shops, shop,
          hangedman_elven_crosses_minicolossus
Elf:2:    elven_hall_of_blades_hangedman_original [mumra_blade_entry_bloodbath],
          layout_loops_corners, serial_shops, nicolae_shop_overgrown_old_shop
Elf:3:    minmay_elf_hall_dome, layout_gridlike, uniq_asterion
Vaults:1: gammafunk_ghost_wrathful_warriors, vaults_mumra_lcd,
          nicolae_vaults_sealed_display, nicolae_vaults_shelves_hall,
          nicolae_vaults_network_s, hangedman_vaults_cutoff,
          ontoclasm_vaults_ring_large, hangedman_vaults_hat,
          ontoclasm_vaults_shout, nicolae_vaults_little_squares_6,
          grunt_vaults_hallway_short, layout_vaults_omnibox, serial_shops, shop
Vaults:2: portal_desolation_entry_ruin, ontoclasm_vaults_spin,
          vaults_mumra_minichess_inversion,
          vaults_standard_mumra_enter_the_diamond, v_misc_27,
          ontoclasm_vaults_eye, minmay_crypt_entry_simple_box,
          ontoclasm_vaults_chip, ontoclasm_vaults_idyll, layout_vaults_omnigrid,
          serial_shops, nicolae_shop_stone, uniq_mennas
Vaults:3: hangedman_vaults_nodes, hangedman_vaults_pinch, v_pattern_3,
          nicolae_vaults_network_square, ontoclasm_vaults_decontamination,
          layout_vaults_chaotic_city, serial_shops, nicolae_shop_crystal
Vaults:4: nicolae_vaults_network_quinsquares
          [nicolae_vaults_network_quincunx_subvault,
          nicolae_vaults_network_quincunx_subvault,
          nicolae_vaults_network_quincunx_subvault,
          nicolae_vaults_network_quincunx_subvault], vaults_room_corners,
          hangedman_vaults_unwind, nicolae_vaults_little_squares_6,
          v_alt_pattern_3, st_smaller_cells, ontoclasm_vaults_gateway,
          grunt_vaults_swirl, grunt_vaults_hallway_short, v_misc_1, v_pattern_5,
          nicolae_vaults_little_squares_5, ontoclasm_vaults_pinch,
          layout_vaults_big_cross, uniq_zenata
Vaults:5
Depths:1: minmay_connected_boxes_in_corner, layout_gridlike, abyss_entry,
          ebering_dispersal_statue_hall, grunt_hell_entry_dis_mu, tso_metal_star
Depths:2: kennysheep_four_of_diamonds, layout_twisted_cross, abyss_entry,
          hell_entry, rand_demon_pan_entry_3, kennysheep_nub,
          minmay_staircase_windowed_small, serial_bayou_shore_b, uniq_grunn
Depths:3: minmay_coctagon, layout_cave_pools, abyss_entry, hell_entry,
          cheibrodos_ashenzari_chains, serial_bayou_shore_a,
          infiniplex_staircase_trident
Depths:4: evilmike_zot_entry_gauntlet, layout_honeycomb, enter_ziggurat_d,
          hell_entry, mu_enter_wizlab_3, serial_shops, nicolae_shop_stone
Zot:1:    layout_misc_corridors
Zot:2:    layout_basic, grunt_megastairs_4
Zot:3:    kennysheep_room_grid, layout_misc_corridors
Zot:4:    gammafunk_sealed_arena, layout_onion_interference,
          hangedman_zot_decor_slant
Zot:5:    layout_twisted_circle, grunt_ministairs_2, st_stairs_13, nrook_zot_tub

Skill      XL: |  1  2  3  4  5  6  7  8  9 10 11 12 13 14 15 16 17 18 19 20 21 22 23 24 25 26 27 |
---------------+----------------------------------------------------------------------------------+-----
Dodging        | 3 4 5 6 7 9 13 17 20 21 22 23 24 25 | 25.0
Spellcasting   | 4 5 6 7 8 9 10 12 13 14 15 16 17 | 17.2
Stealth        | 3 5 6 7 9 10 | 10.0
Fighting       | 4 7 8 9 11 12 14 15 16 17 18 20 22 | 22.9
Shields        | 3 4 6 7 8 9 10 15 17 20 | 20.4
Armour         | 1 10 | 10.9
Unarmed Combat | 4 |  4.9
Maces & Flails | 10 11 | 11.9
Evocations     | 4 6 13 14 15 | 15.8

Action                   |  1- 3 |  4- 6 |  7- 9 | 10-12 | 13-15 | 16-18 | 19-21 | 22-24 | 25-27 || total
-------------------------+-------+-------+-------+-------+-------+-------+-------+-------+-------++-------
Melee: Unarmed           |    50 |       |       |       |       |       |       |       |       ||    50
       Dagger            |    17 |   155 |   149 |       |       |       |       |       |       ||   321
       Headbutt          |     1 |     4 |       |       |       |       |       |       |       ||     5
       Punch             |       |     3 |     3 |       |       |       |       |       |       ||     6
       Glaive            |       |       |     1 |    18 |       |       |       |       |       ||    19
       Mace              |       |       |       |    50 |   246 |   600 |   589 |   651 |   380 ||  2516
 Cast: Freeze            |    42 |    11 |    42 |    12 |     8 |       |     1 |       |     1 ||   117
       Frozen Ramparts   |     1 |    15 |    24 |    27 |    22 |    14 |       |       |     1 ||   104
       Beastly Appendage |     1 |     1 |       |     1 |       |     1 |       |       |       ||     4
       Ozocubu's Armour  |     1 |       |     9 |     9 |    16 |       |       |     1 |     1 ||    37
       Hailstorm         |       |     5 |    19 |    24 |    44 |    22 |    10 |     1 |    11 ||   136
       Tukima's Dance    |       |       |     3 |       |       |     1 |       |     3 |       ||     7
       Wereblood         |       |       |     1 |       |       |    27 |    40 |    29 |    36 ||   133
       Summon Lightning  |       |       |    30 |    48 |    77 |    56 |    43 |     2 |     6 ||   262
       Lightning Bolt    |       |       |       |    27 |    82 |    41 |     6 |    30 |     6 ||   192
       Alistair's Intoxi |       |       |       |       |    18 |    12 |     6 |    13 |    10 ||    59
       Statue Form       |       |       |       |       |     4 |    54 |    65 |    58 |    84 ||   265
       Eringya's Noxious |       |       |       |       |       |    33 |    47 |    23 |    29 ||   132
       Monstrous Menager |       |       |       |       |       |       |    82 |    46 |    85 ||   213
       Lehudib's Crystal |       |       |       |       |       |       |    46 |    65 |   299 ||   410
       Maxwell's Capacit |       |       |       |       |       |       |       |    10 |     1 ||    11
       Infestation       |       |       |       |       |       |       |       |       |    40 ||    40
       Death's Door      |       |       |       |       |       |       |       |       |     2 ||     2
Invok: Curse Item        |       |       |     2 |     5 |     1 |     5 |     2 |     1 |     5 ||    21
       Shatter the Chain |       |       |       |       |     6 |       |     1 |     1 |     5 ||    13
 Abil: Evoke Blink       |       |       |       |       |       |       |     1 |       |       ||     1
       Evoke Invisibilit |       |       |       |       |       |       |       |       |     1 ||     1
Evoke: Tin of tremorston |       |       |       |       |       |       |     2 |     3 |       ||     5
       Condenser vane    |       |       |       |       |       |       |     1 |     4 |     2 ||     7
       Wand              |       |       |       |       |       |       |     1 |       |    12 ||    13
       Lightning rod     |       |       |       |       |       |       |       |     2 |       ||     2
       Phantom mirror    |       |       |       |       |       |       |       |     1 |       ||     1
       Box of beasts     |       |       |       |       |       |       |       |     1 |     1 ||     2
  Use: Potion            |       |     4 |       |       |     4 |     1 |     9 |     5 |    45 ||    68
       Scroll            |       |       |     1 |     4 |     5 |    13 |     4 |     3 |    18 ||    48
 Stab: Sleeping          |     3 |     1 |     6 |     2 |     3 |     7 |     8 |     5 |     2 ||    37
       Distracted        |     1 |       |     1 |       |     4 |    15 |    33 |    16 |    19 ||    89
       Confused          |       |       |       |       |       |     1 |       |     2 |     2 ||     5
       Paralysed         |       |       |       |       |       |       |     2 |       |       ||     2
Armor: Robe              |    26 |    30 |    64 |    20 |    30 |       |       |       |       ||   170
       Skin              |       |       |       |       |    23 |   318 |   185 |   272 |   104 ||   902
       Troll leather arm |       |       |       |       |     4 |    13 |       |     1 |       ||    18
       Leather armour    |       |       |       |       |       |       |       |       |     3 ||     3
Dodge: Dodged            |    80 |   117 |   162 |    82 |   332 |  1175 |   839 |  1105 |   525 ||  4417
       Repelled          |       |       |       |       |       |     2 |    32 |     8 |    26 ||    68
Block: Buckler           |       |       |       |    17 |   119 |   369 |   326 |   591 |    20 ||  1442
       Reflection        |       |       |       |       |       |       |       |    58 |    60 ||   118
       Kite shield       |       |       |       |       |       |       |       |       |  1057 ||  1057
